 Dungeon Crawl Stone Soup version 0.32-a0-42-ga30500b4d3 (webtiles) character file.

Game seed: 10364106903336586135

16760 Ceno the Covert (level 12, -2/61 HPs)
             Began as a Vine Stalker Earth Elementalist on Feb 1, 2024.
             Was an Elder of Nemelex Xobeh.
             Slain by a guardian serpent (16 damage)
             ... on level 2 of the Lair of Beasts.
             The game lasted 00:59:41 (15954 turns).

Ceno the Covert (Vine Stalker Earth Elementalist)  Turns: 15954, Time: 00:59:42

Health: -2/61      AC:  9    Str: 12    XL:     12   Next: 40%
Magic:  0/25       EV: 18    Int: 21    God:    Nemelex Xobeh [****..]
Gold:   623        SH:  5    Dex: 19    Spells: 12/27 levels left

rFire   . . .        b - +1 dagger (venom)
rCold   . . .        E - +0 buckler
rNeg    + . .        r - +2 leather armour {rN+}
rPois   .            F - +0 hat
rElec   .            n - +0 cloak
rCorr   .            w - +0 pair of gloves
SInv    .            d - +1 pair of boots
Will    +....        M - amulet of the acrobat
Stlth   ++++         B - +6 ring of intelligence
HPRegen 1.10/turn    S - +5 ring of evasion
MPRegen 0.19/turn

%: acrobat, guardian spirit
@: very slightly contaminated, slowed, very slow
A: fangs 3, regeneration 1, magic shield, antimagic bite, no potion heal 2
a: Renounce Religion, Draw Escape, Draw Destruction, Draw Summoning, Triple
Draw, Deal Four


You were on level 2 of the Lair of Beasts.
You worshipped Nemelex Xobeh.
Nemelex Xobeh was greatly pleased with you.
You visited 3 branches of the dungeon, and saw 13 of its levels.
You also visited: Bailey.

You collected 623 gold pieces.

Inventory:

Hand Weapons
 a - a +0 short sword of speed
 b - a +1 dagger of venom (weapon)
 U - the +4 falchion of Afabiuf {heavy, rElec Dex+4}
   (You took it off an orc on level 8 of the Dungeon)

   Dex+4:     It affects your dexterity (+4).
   rElec:     It insulates you from electricity.
Missiles
 e - 7 javelins
 m - 29 poisoned darts
 t - 123 stones (quivered)
 L - a throwing net
 N - 8 curare-tipped darts
Armour
 d - a +1 pair of boots (worn)
 n - a +0 cloak (worn)
 r - a +2 leather armour of positive energy (worn)
 w - a +0 pair of gloves (worn)
 E - a +0 buckler (worn)
 F - a +0 hat (worn)
Jewellery
 B - a +6 ring of intelligence (left hand)
 M - an amulet of the acrobat (around neck)
 O - a ring of fire
 S - a +5 ring of evasion (right hand)
 V - a ring of wizardry
Wands
 j - a wand of roots (30)
 s - a wand of flame (12)
 u - a wand of paralysis (19)
 G - a wand of mindburst (8)
 Z - a wand of digging (7)
Scrolls
 c - 6 scrolls of teleportation
 g - 2 scrolls of amnesia
 h - a scroll of enchant armour
 i - a scroll of fear {unknown}
 k - 2 scrolls of immolation {unknown}
 p - a scroll of blinking
 q - 2 scrolls of silence {unknown}
 v - 2 scrolls of enchant weapon
 x - 2 scrolls of vulnerability
 y - a scroll of revelation {unknown}
 C - 2 scrolls of poison
 I - a scroll of acquirement {unknown}
 W - a scroll of identify
 X - a scroll of fog {unknown}
Potions
 f - 4 potions of magic
 l - 3 potions of invisibility
 o - 5 potions of curing
 z - 5 potions of lignification
 A - a potion of mutation
 D - 3 potions of brilliance
 H - a potion of resistance
 K - 5 potions of haste
 Q - a potion of ambrosia
 R - 2 potions of enlightenment
 T - a potion of cancellation
 Y - 3 potions of might


   Skills:
 + Level 6.2 Fighting
 + Level 9.2 Short Blades
 + Level 3.9 Dodging
 - Level 10.0 Stealth
 + Level 3.6 Shields
 - Level 8.0 Spellcasting
 - Level 5.0 Conjurations
 - Level 8.0 Earth Magic
 - Level 5.0 Alchemy


You had 12 spell levels left.
You knew the following spells:

 Your Spells              Type           Power      Damage    Failure   Level
a - Sandblast             Erth           84%        2d18      1%          1
b - Passwall              Erth           42%        N/A       1%          3
c - Stone Arrow           Conj/Erth      70%        3d11      3%          3
d - Petrify               Alch/Erth      35%        N/A       10%         4
e - Brom's Barrelling Bo  Conj/Erth      35%        2d5       10%         4

Your spell library contained the following spells:

 Spells                   Type           Power      Damage    Failure   Level
 Apportation              Tloc           16%        N/A       14%         1
 Jinxbite                 Hex            16%        N/A       22%         2
 Alistair's Intoxication  Alch           19%        N/A       45%         5
 Borgnjor's Vile Clutch   Necr/Erth      12%        N/A       58%         5
 Eringya's Noxious Bog    Alch           14%        4d6       95%         6
 Summon Forest            Summ/Tloc      4%         N/A       98%         5
 Summon Hydra             Summ           4%         N/A       100%        7


Dungeon Overview and Level Annotations

Branches:
Dungeon (10/15)            Temple (1/1) D:6            Lair (2/5) D:10
  Snake (0/4) Lair:2          Orc (0/2) D:10         Bailey (visited)
  Swamp: Lair:2-3    Shoals: Lair:2-3

Altars:
Ashenzari
Cheibriados
Dithmenos
Elyvilon
Fedhas
Gozag
Hepliaklqana
Kikubaaqudgha
Nemelex Xobeh
Okawaru
Qazlal
Ru
Sif Muna
Trog
Uskayaw
Vehumet
Wu Jian
Xom
Yredelemnul
Zin
The Shining One

Shops:
D:1 (?=*   D:5 ?*[*:   D:9 :

Annotations:
D:9 3 runed translucent doors, knightboat's ghost, novice DrCj
Lair:1 3 runed translucent doors, Pokonic1's ghost, journeyman TrSh


Innate Abilities, Weirdness & Mutations

You have razor-sharp teeth.
Your natural rate of healing is unusually fast.
When hurt, damage is shared between your health and your magic reserves.
Your bite disrupts and absorbs the magic of your enemies.
Potions cannot restore your health.


Message History

The guardian serpent is moderately wounded.
You feel sick. The guardian serpent hits you.
You hit the guardian serpent. Your bite misses the guardian serpent.
The guardian serpent is moderately wounded.
The guardian serpent hits you!!
* * * LOW HITPOINT WARNING * * *
You draw a card...
You have drawn the Elixir.
You begin rapidly regenerating health and magic.
You feel sick.
The guardian serpent falters for a moment.
You feel sick.
You are no longer poisoned.
The guardian serpent attacks as it pursues you!
You block the guardian serpent's attack.
The guardian serpent hits you.
* * * LOW HITPOINT WARNING * * *
The guardian serpent's magic is no longer disrupted.
The guardian serpent barely misses you.
The guardian serpent casts a spell at you.
You feel yourself slow down.
Casting: Petrify (dangerous; 10% risk of failure)
Confirm with . or Enter, or press ? or * to list all spells.
Aiming: Sandblast (safe; 1% risk of failure)
Press: ? - help, Shift-Dir - straight line, f/p - guardian serpent
Aim: a guardian serpent (moderately wounded, 77% to hit)
Okay, then.
Casting: Sandblast (safe; 1% risk of failure)
Confirm with . or Enter, or press ? or * to list all spells.
You don't have enough magic to cast this spell.
Casting: Sandblast (safe; 1% risk of failure)
Confirm with . or Enter, or press ? or * to list all spells.
Aiming: Sandblast (safe; 1% risk of failure)
Press: ? - help, Shift-Dir - straight line, f/p - guardian serpent
Aim: a guardian serpent (moderately wounded, 77% to hit)
The blast of sand hits the guardian serpent but does no damage.
The guardian serpent is moderately wounded.
You block the guardian serpent's attack.
The guardian serpent hits you!!
You die...
Your body glows slightly and disappears.

#..........###
####.#
##........##
#...#
##.......###
##.##
#..........#
#.#
###+P..#####
#.. #..### ..#
##..## #.#
#....# #.#
####@P## .+#
##.#S..P###
###..........#
#P..#..........
#...#..........
#...#........##
#...#........#
#.>.#..).....#
#...#........#


You could see a guardian serpent.

Vanquished Creatures
  Gastronok (Lair:1)
  A death yak (Lair:2)
  3 two-headed ogres
  A tengu warrior (D:9)
  A spriggan druid (Lair:2)
  Pikel (D:6)
  A black mamba (Lair:1)
  6 cane toads
  4 komodo dragons (Lair:1)
  2 trolls (D:10)
  A polar bear (Lair:2)
  5 blink frogs (Lair:2)
  A hornet (D:9)
  Grinder (D:6)
  6 yaks
  A wyvern (Lair:2)
  A steam dragon (D:8)
  A basilisk (Lair:1)
  4 water moccasins
  8 orc warriors
  2 ice beasts
  2 sky beasts
  2 black bears (D:6)
  An ogre (D:5)
  2 centaurs
  2 wolves
  3 phantoms (D:5)
  3 lemures (D:6)
  12 bullfrogs
  A kobold brigand (D:6)
  3 scorpions
  6 wights
  5 howler monkeys (D:7)
  7 electric eels
  2 bombardier beetles
  A lava snake (D:8)
  8 hounds
  3 jellies
  8 orc priests
  A gnoll bouda (D:5)
  Jessica (D:3)
  12 orc wizards
  A sleepcap (D:5)
  9 iguanas
  4 gnolls (D:5)
  4 adders
  A shadow imp (D:8)
  A white imp (D:5)
  2 ufetubi (D:7)
  3 ribbon worms
  A dart slug (D:4)
  66 orcs
  7 ball pythons
  3 bats
  4 endoplasms
  3 giant cockroaches
  5 goblins
  11 hobgoblins
  3 quokkas
  2 frilled lizards (D:3)
  10 kobolds
  5 rats
282 creatures vanquished.

Vanquished Creatures (others)
  An orc (D:10)
1 creature vanquished.

Grand Total: 283 creatures vanquished

Notes
Turn   | Place    | Note
-------+----------+-------------------------------------------
     0 | D:1      | Ceno the Vine Stalker Earth Elementalist began the quest
                  | for the Orb.
     0 | D:1      | Reached XP level 1. HP: 9/9 MP: 4/4
   106 | D:1      | Found Vagesuj's Weapon Shoppe.
   173 | D:1      | Found Kemaitt's General Store.
   263 | D:1      | Found Lokuutuc's Jewellery Boutique.
   274 | D:1      | Found Vatioz's Magic Scroll Emporium.
   284 | D:1      | Reached XP level 2. HP: 13/13 MP: 3/6
   436 | D:1      | Reached skill level 3 in Stealth
  1136 | D:2      | Reached XP level 3. HP: 16/16 MP: 5/8
  1165 | D:2      | Learned a level 3 spell: Passwall
  1887 | D:2      | Found a sparkling altar of Nemelex Xobeh.
  2051 | D:2      | Became a worshipper of Nemelex Xobeh the Trickster
  2775 | D:3      | Reached XP level 4. HP: 21/21 MP: 5/9
  3196 | D:3      | Found a faded altar of an unknown god.
  3215 | D:3      | Noticed Jessica
  3217 | D:3      | Killed Jessica
  3266 | D:3      | Reached * piety under Nemelex Xobeh
  3360 | D:3      | Reached skill level 1 in Short Blades
  3360 | D:3      | Reached skill level 4 in Stealth
  3360 | D:3      | Reached XP level 5. HP: 17/24 MP: 2/10
  4035 | D:3      | Learned a level 3 spell: Stone Arrow
  4260 | D:3      | Found a bloodstained altar of Trog.
  4518 | D:3      | Found a hazy altar of Hepliaklqana.
  4926 | D:4      | Reached XP level 6. HP: 28/28 MP: 8/12
  5309 | D:4      | Reached skill level 5 in Stealth
  5431 | D:4      | Received a gift from Nemelex Xobeh
  5962 | D:4      | Found a sparkling altar of Nemelex Xobeh.
  5967 | D:4      | Reached XP level 7. HP: 32/32 MP: 11/14
  6444 | D:5      | Entered Level 5 of the Dungeon
  6514 | D:5      | Found Xuguyden's Book Shop.
  6753 | D:5      | Reached skill level 5 in Earth Magic
  6975 | D:5      | Reached ** piety under Nemelex Xobeh
  7069 | D:5      | Reached skill level 6 in Stealth
  7135 | D:5      | Found Link's Armour Emporium.
  7135 | D:5      | Found Parieg's Magic Scroll Boutique.
  7140 | D:5      | Found Boijakho's Assorted Antiques.
  7140 | D:5      | Found Mueck's Assorted Antiques.
  7141 | D:5      | Received a gift from Nemelex Xobeh
  7179 | D:5      | Gained mutation: You have razor-sharp teeth. [Vine Stalker
                  | growth]
  7179 | D:5      | Reached XP level 8. HP: 33/36 MP: 14/16
  7270 | D:5      | Reached skill level 5 in Spellcasting
  7615 | D:5      | Identified the +12 great mace "Gezoury" {spect, rC+ Str+4
                  | SInv}
  8082 | D:6      | Reached skill level 7 in Stealth
  8155 | D:6      | Noticed Grinder
  8351 | D:6      | Found a staircase to the Ecumenical Temple.
  8358 | Temple   | Entered the Ecumenical Temple
  8641 | D:6      | Reached XP level 9. HP: 39/39 MP: 17/19
  8756 | D:6      | Killed Grinder
  8757 | D:6      | Reached skill level 8 in Stealth
  8879 | D:6      | Noticed Pikel
  9188 | D:6      | Reached skill level 5 in Short Blades
  9286 | D:6      | Killed Pikel
  9763 | D:6      | Learned a level 4 spell: Petrify
  9830 | D:7      | Reached skill level 9 in Stealth
 10090 | D:7      | Found a flagged portal.
 10100 | Bailey   | Entered a bailey
 10295 | D:7      | Reached XP level 10. HP: 36/44 MP: 16/21
 10641 | D:8      | Reached *** piety under Nemelex Xobeh
 10641 | D:8      | Received a gift from Nemelex Xobeh
 10876 | D:8      | Found a hide-covered altar of Uskayaw.
 10876 | D:8      | Found an ornate altar of the Wu Jian Council.
 10916 | D:8      | Noticed a two-headed ogre
 10952 | D:8      | Killed a two-headed ogre
 10953 | D:8      | Reached skill level 10 in Stealth
 11357 | D:8      | Identified the +4 falchion of Afabiuf {heavy, rElec Dex+4}
 11603 | D:9      | Reached skill level 1 in Alchemy
 11607 | D:9      | Reached skill level 1 in Fighting
 11798 | D:9      | Noticed a tengu warrior
 11893 | D:9      | Found a runed translucent gate.
 11893 | D:9      | Found a runed translucent gate.
 11893 | D:9      | Found a runed translucent gate.
 11894 | D:9      | Noticed a kobold demonologist
 11894 | D:9      | Noticed a kobold demonologist
 11894 | D:9      | Noticed knightboat's ghost (novice DrCj)
 11896 | D:9      | Found a shadowy altar of Dithmenos.
 11915 | D:9      | Found a glowing golden altar of the Shining One.
 11915 | D:9      | Noticed a two-headed ogre
 11936 | D:9      | Killed a two-headed ogre
 12096 | D:9      | Received a gift from Nemelex Xobeh
 12107 | D:9      | Found Igav's Book Boutique.
 12416 | D:9      | Killed a tengu warrior
 12545 | D:10     | Entered Level 10 of the Dungeon
 12548 | D:10     | Reached XP level 11. HP: 43/51 MP: 20/24
 12554 | D:10     | Noticed a two-headed ogre
 13064 | D:10     | Killed a two-headed ogre
 13158 | D:10     | Found a staircase to the Lair.
 13388 | D:10     | Found a staircase to the Orcish Mines.
 13405 | D:10     | Received a gift from Nemelex Xobeh
 13476 | D:10     | Learned a level 4 spell: Brom's Barrelling Boulder
 13505 | D:10     | Found a stormy altar of Qazlal.
 13508 | D:10     | Reached **** piety under Nemelex Xobeh
 13748 | D:10     | Received a gift from Nemelex Xobeh
 14172 | D:10     | Found an iron altar of Okawaru.
 14271 | Lair:1   | Entered Level 1 of the Lair of Beasts
 14485 | Lair:1   | Reached skill level 5 in Conjurations
 14511 | Lair:1   | Reached skill level 5 in Alchemy
 14678 | Lair:1   | Reached skill level 5 in Fighting
 14688 | Lair:1   | Noticed Pokonic1's ghost (journeyman TrSh)
 14734 | Lair:1   | Found a runed translucent gate.
 14734 | Lair:1   | Found a runed translucent gate.
 14734 | Lair:1   | Found a runed translucent gate.
 14886 | Lair:1   | Noticed Gastronok
 14917 | Lair:1   | Killed Gastronok
 14918 | Lair:1   | Reached skill level 1 in Shields
 15023 | Lair:1   | Reached XP level 12. HP: 60/60 MP: 25/25
 15657 | Lair:2   | Received a gift from Nemelex Xobeh
 15770 | Lair:2   | Noticed a five-headed hydra
 15902 | Lair:2   | Noticed a death yak
 15910 | Lair:2   | Noticed a death yak
 15913 | Lair:2   | Killed a death yak
 15930 | Lair:2   | Found a staircase to the Snake Pit.
 15954 | Lair:2   | Slain by a guardian serpent

Illustrated notes

Levels and vault maps discovered:
D:1:      giann_horns, layout_basic, serial_shops, shop, shop,
          nicolae_shop_trees, nicolae_shop_bloodbath_and_beyond,
          minmay_misc_feat_five, minmay_octomino_c4
D:2:      layout_basic, basic_altar, nicolae_the_louvre
D:3:      layout_basic, mainiacjoe_overflow_small_starburst,
          nzn_hepliaklqana_mist_gate, serial_rivers,
          chequers_serial_rivers_micro_b, chequers_serial_rivers_room_b,
          chequers_serial_rivers_small_b, chequers_serial_rivers_small_b,
          basic_ecumenical_altar, grunt_ministairs_15, grunt_decor_clamped,
          kennysheep_generic_room_11, uniq_jessica
D:4:      layout_loops_corners, nemelex_dance_club_becter,
          minmay_misc_feat_rugged, minivault_26
D:5:      minmay_octagon_keep, layout_loops_corners, serial_shops,
          nicolae_shop_pleasant_corner_grove, nrook_pool_corridor,
          nicolae_wooded_promenade
D:6:      layout_basic, minmay_temple_entry_arrows, abandoned_shop,
          uniq_grinder, uniq_pikel
D:7:      layout_loops_ring, enter_bailey_8, fountainhead, solitary_fountain,
          hangedman_abyss_or_decor_stabs
D:8:      layout_rooms, nicolae_overflow_two_pavilions
D:9:      layout_rooms, nicolae_overflow_hidden_temple, kennysheep_mini_moat,
          mainiacjoe_overflow_24_doors, gammafunk_ghost_nasty_kobolds,
          serial_shops, nicolae_diamond_shop, minmay_three_doors
D:10:     layout_loops_ring, kennysheep_okawaru_gauntlet,
          grunt_qazlal_sundering, erik_lair_island, david_orc_5,
          minmay_crystal_water
Temple:   chequers_temple_sunken
Lair:1:   layout_loops_ring, gammafunk_ghost_icy, serial_bayou_shore_b,
          grunt_megastairs_5, serial_bayou_shore_a, uniq_gastronok
Lair:2:   layout_roguey, mainiacjoe_swamp_entry_angry_trees,
          minmay_snake_entry_spellcaster

Skill      XL: |  1  2  3  4  5  6  7  8  9 10 11 12 |
---------------+-------------------------------------+-----
Stealth        | 3 4 5 6 7 9 10 | 10.0
Spellcasting   | 3 4 6 7 8 |  8.0
Short Blades   | 1 2 3 4 5 7 8 9 |  9.2
Earth Magic    | 4 5 6 7 8 |  8.0
Alchemy        | 3 5 |  5.0
Fighting       | 2 5 6 |  6.2
Conjurations   | 3 5 |  5.0
Dodging        | 2 3 |  3.9
Shields        | 2 3 |  3.6

Action                     |  1- 3 |  4- 6 |  7- 9 | 10-12 || total
---------------------------+-------+-------+-------+-------++-------
  Melee: Dagger            |    38 |    84 |   178 |   261 ||   561
         Bite              |    10 |    27 |    69 |    91 ||   197
         Short sword       |     2 |       |       |       ||     2
         Punch             |       |       |     4 |     5 ||     9
  Throw: Dart              |       |     4 |    19 |    14 ||    37
         Stone             |       |     4 |     4 |     5 ||    13
   Cast: Sandblast         |    29 |    64 |    92 |    47 ||   232
         Passwall          |     5 |    13 |    14 |    17 ||    49
         Stone Arrow       |       |     1 |    20 |    30 ||    51
         Petrify           |       |       |       |    45 ||    45
 Invoke: Draw Escape       |       |       |       |     1 ||     1
  Evoke: Wand              |       |       |     3 |     2 ||     5
    Use: Scroll            |       |     3 |    10 |     8 ||    21
   Stab: Sleeping          |    10 |    11 |    17 |    27 ||    65
         Petrified         |       |       |       |    21 ||    21
         Petrifying        |       |       |       |     5 ||     5
 Armour: Robe              |    15 |       |       |       ||    15
         Leather armour    |    14 |    55 |   140 |   123 ||   332
  Dodge: Dodged            |    33 |    55 |   119 |   195 ||   402
  Block: Buckler           |       |       |       |     6 ||     6

Table legend: (Time is in decaauts)
 A = Elapsed time spent in this place.
 B = Non-inter-level travel time spent in this place.
 C = Inter-level travel time spent in this place.
 D = Time resting spent in this place.
 E = Time spent auto-exploring this place.
 F = Levels seen in this place.
 G = Mean time per level.
                   A        B        C        D        E       F      G
               +--------+--------+--------+--------+--------+-----+--------+
         Total |  15968 |  15437 |    531 |   3049 |   7755 |  14 | 1140.6 |
       Dungeon |  14277 |  13770 |    507 |   2856 |   6991 |  10 | 1427.7 |
        Temple |      1 |      1 |      0 |      0 |      0 |   1 |    1.0 |
          Lair |   1670 |   1646 |     24 |    193 |    763 |   2 |  835.0 |
        Bailey |     18 |     18 |      0 |      0 |      0 |   1 |   18.0 |
               +--------+--------+--------+--------+--------+-----+--------+

Top non-repeatable levels by time:
     D:3: 2288 daAuts
     D:6: 1686 daAuts
     D:5: 1650 daAuts
     D:4: 1629 daAuts
     D:2: 1492 daAuts
    D:10: 1439 daAuts
  Lair:1: 1212 daAuts
     D:9: 1146 daAuts
     D:1: 1079 daAuts
     D:8: 1022 daAuts
     D:7: 843 daAuts
  Lair:2: 458 daAuts
  Bailey: 18 daAuts
  Temple: 1 daAuts
